 Dungeon Crawl Stone Soup version 0.20-a0-277-g7db01f4 (webtiles) character file.

2672 Junicave the Digger (level 9, -1/51 HPs)
             Began as a Gargoyle Earth Elementalist on Dec 13, 2016.
             Was an Initiate of Vehumet.
             Slain by a gnoll sergeant
             ... wielding a +0 halberd
              (4 damage)
             ... in a bailey.
             The game lasted 00:55:27 (9957 turns).

Junicave the Digger (Gargoyle Earth Elementalist)   Turns: 9957, Time: 00:55:28

Health: -1/51      AC: 13    Str: 13    XL:     9   Next: 63%
Magic:  1/19       EV: 13    Int: 18    God:    Vehumet [......]
Gold:   382        SH:  3    Dex: 10    Spells: 13/22 levels left

rFire  . . .     SeeInvis .     q - +0 mace (protect)
rCold  . . .     Gourm    .     L - +0 robe
rNeg   + . .     Faith    .     (no shield)
rPois  ∞         Spirit   .     F - +0 helmet
rElec  +         Reflect  +     J - +2 cloak {+Inv}
rCorr  .         Harm     .     (no gloves)
MR     .....                    a - +0 pair of boots
Stlth  +.........               y - +3 amulet of reflection
                                (no ring)
                                C - ring of wizardry

@: very slightly contaminated, glowing
A: negative energy resistance 1, electricity resistance, unbreathing,
petrification resistance, rot immunity, AC +5
a: Renounce Religion, Evoke Invisibility


You were in a bailey.
You worshipped Vehumet.
Vehumet was noncommittal.
You were hungry.

You visited 2 branches of the dungeon, and saw 9 of its levels.
You also visited: Bailey.

You collected 382 gold pieces.

Inventory:

Hand Weapons
 p - a +2 spear of venom
 q - a +0 mace of protection (weapon)
 v - a +2 dagger of chaos
 I - a +2 quarterstaff of chaos
Missiles
 b - 269 stones (quivered)
Armour
 a - a +0 pair of boots (worn)
 F - a +0 helmet (worn)
 J - a +2 cloak of invisibility (worn)
 L - a +0 robe (worn)
Jewellery
 y - a +3 amulet of reflection (around neck)
 C - a ring of wizardry (left hand)
Wands
 B - a wand of polymorph (0/24)
Scrolls
 f - a scroll of amnesia
 i - 2 scrolls of teleportation
 u - 2 scrolls of remove curse
 E - 2 scrolls of fog
Potions
 j - a potion of cure mutation {unknown}
 l - 2 potions of curing
 n - a potion of resistance {unknown}
 o - a potion of might {unknown}
 w - a potion of heal wounds
 z - a potion of cancellation {unknown}
 A - a potion of brilliance {unknown}
 G - 2 potions of flight
 O - a potion of lignification {unknown}
Books
 e - a book of Geomancy

   Spells                             Type                      Level
   a - Sandblast                      Earth                        1
   b - Passwall                       Transmutation/Earth          2
   c - Stone Arrow                    Conjuration/Earth            3
   d - Petrify                        Transmutation/Earth          4
   e - Lee's Rapid Deconstruction     Earth                        5
 H - a book of Changes

   Spells                             Type                      Level
   a - Beastly Appendage              Transmutation                1
   b - Sticks to Snakes               Transmutation                2
   c - Spider Form                    Transmutation/Poison         3
   d - Ice Form                       Ice/Transmutation            4
   e - Blade Hands                    Transmutation                5
Comestibles
 d - 5 bread rations
 g - a meat ration
 h - a beef jerky
 k - 4 chunks of flesh
 r - 3 slices of pizza
 t - a fruit


   Skills:
 + Level 3.4 Fighting
 + Level 3.1 Maces & Flails
 + Level 2.9 Armour
 + Level 3.2 Dodging
 - Level 2.1 Stealth
 * Level 7.1 Spellcasting
 * Level 4.9 Conjurations
   Level 0.7 Transmutations
 + Level 7.5 Earth Magic
 + Level 3.0 Evocations


You had 13 spell levels left.
You knew the following spells:

 Your Spells              Type           Power        Failure   Level  Hunger
a - Sandblast             Erth           ####..       1%          1    None
b - Stone Arrow           Conj/Erth      ####..       1%          3    ##.....
c - Lee's Rapid Deconstr  Erth           ####......   7%          5    #####..


Dungeon Overview and Level Annotations

Branches:
Dungeon (8/15)             Temple (1/1) D:7            Lair (0/6) D:8

Altars:
Ashenzari
Cheibriados
Dithmenos
Elyvilon
Fedhas
Gozag
Hepliaklqana
Kikubaaqudgha
Makhleb
Nemelex Xobeh
Okawaru
Qazlal
Ru
Sif Muna
Trog
Uskayaw
Vehumet
Xom
Yredelemnul
Zin
The Shining One

Shops:
D:7 [

Annotations:
D:6 exclusion: 2 downstairs


Innate Abilities, Weirdness & Mutations

You are resistant to torment.
Your stone body is resilient. (AC +5)
You are immune to poison.
You resist negative energy. (rN+)
You are resistant to electric shocks. (rElec)
You can survive without breathing.
You are immune to petrification.
You are immune to rotting.


Message History

The gnoll throws a throwing net.
The throwing net closely misses you. The gnoll barely misses you.
A gnoll shaman comes into view. It is wielding a trident.
The gnoll shaman moves out of view.
The gnoll misses you.
The gnoll sergeant hits you from afar with a glaive.
* * * LOW HITPOINT WARNING * * *
The gnoll shaman calls upon its god to heal the gnoll sergeant.
The gnoll sergeant is healed somewhat.
The gnoll sergeant barely misses you.
The gnoll hits you from afar with a halberd!
* * * LOW HITPOINT WARNING * * *
The gnoll shaman calls upon its god to heal the gnoll sergeant.
The gnoll sergeant is healed somewhat.
You hear a shout!
The gnoll sergeant completely misses you.
The gnoll hits you from afar with a halberd.
* * * LOW HITPOINT WARNING * * *
The gnoll hits you but does no damage.
The gnoll sergeant hits you from afar with a halberd.
You die...

♣♣.≈..# ♣..≈..# .≈♣ ...≈..#
##### .≈♣ ...≈..# ##..§##
..≈♣
...≈..######..§§§###+##..≈♣
......'...#...g§§§#g.....≈♣
...(.g'..gg...8§g§gg§....≈♣
......'...#..ggg§g#§g....≈♣
...≈..######..§§@###'##..≈♣
♣..≈..#.'gg##.g§##g.gg# ≈♣
♣..≈..# #g.g#####gg...#
♣..≈..# #......ggg....#
♣♣.≈..# #..g..g......##
♣.≈..# #.8.......8.## ≈≈..
#############


You could see 3 gnoll sergeants, 3 gnoll shamans and a gnoll.

Vanquished Creatures
  The ghost of Zaque the Insei, a novice OpTm (D:7)
  Maurice (D:8)
  Eustachio (D:5)
  An ice beast (D:6)
  4 ogres
  A sky beast (D:7)
  A scorpion (D:4)
  3 killer bees (D:7)
  2 howler monkeys
  3 crimson imps
  4 hounds
  A quasit (D:7)
  5 orc priests
  Crazy Yiuf (D:5)
  A jelly (D:5)
  An iguana (D:7)
  6 orc wizards
  5 worker ants
  9 gnolls
  12 adders
  3 shadow imps
  An ooze (D:1)
  2 worms
  A leopard gecko (D:7)
  17 orcs
  11 giant cockroaches
  9 goblins
  6 hobgoblins
  4 jackals
  4 quokkas
  2 ball pythons
  7 bats
  3 frilled lizards
  8 kobolds
  9 rats
150 creatures vanquished.

Notes
Turn   | Place    | Note
-------+----------+-------------------------------------------
     0 | D:1      | Junicave the Gargoyle Earth Elementalist began the quest for the Orb.
     0 | D:1      | Reached XP level 1. HP: 10/10 MP: 3/3
   223 | D:1      | Reached XP level 2. HP: 15/15 MP: 3/5
   655 | D:1      | Found a sparkling altar of Nemelex Xobeh.
   985 | D:1      | Reached XP level 3. HP: 19/19 MP: 4/7
  1195 | D:1      | Learned a level 3 spell: Stone Arrow
  1364 | D:2      | Found an opulent altar of Gozag.
  1432 | D:2      | Found a deep blue altar of Sif Muna.
  1923 | D:2      | Reached XP level 4. HP: 16/24 MP: 7/9
  2301 | D:2      | Reached XP level 5. HP: 6/28 MP: 0/11
  2633 | D:2      | Reached skill level 5 in Earth Magic
  2912 | D:3      | Found a burning altar of Makhleb.
  2913 | D:3      | Found a shimmering altar of Xom.
  3381 | D:3      | Found an iron altar of Okawaru.
  3759 | D:4      | Reached XP level 6. HP: 32/32 MP: 8/13
  4286 | D:4      | Reached skill level 5 in Spellcasting
  4877 | D:4      | Reached XP level 7. HP: 36/36 MP: 4/15
  4990 | D:4      | Learned a level 5 spell: Lee's Rapid Deconstruction
  5225 | D:5      | Entered Level 5 of the Dungeon
  5231 | D:5      | Found a basalt altar of Yredelemnul.
  5456 | D:5      | Noticed Eustachio
  5483 | D:5      | Reached skill level 1 in Fighting
  5580 | D:5      | Killed Eustachio
  5580 | D:5      | Reached skill level 1 in Conjurations
  5580 | D:5      | Reached skill level 1 in Evocations
  5744 | D:5      | Reached skill level 1 in Armour
  5748 | D:5      | Reached skill level 1 in Maces & Flails
  6005 | D:5      | Found a runed door.
  6009 | D:5      | Noticed Crazy Yiuf
  6012 | D:5      | Killed Crazy Yiuf
  6248 | D:5      | You fall through a shaft for 2 floors!
  6335 | D:5      | Reached XP level 8. HP: 44/44 MP: 9/17
  6374 | D:5      | Found a sacrificial altar of Ru.
  7399 | D:7      | Noticed Zaque's ghost (novice OpTm)
  7608 | D:7      | Found Irrehemi's Armour Boutique.
  8039 | D:7      | Found a stormy altar of Qazlal.
  8041 | D:7      | Noticed an air elemental
  8042 | D:7      | Noticed a water elemental
  8245 | D:7      | Reached XP level 9. HP: 49/49 MP: 2/18
  8393 | D:7      | Found a staircase to the Ecumenical Temple.
  8404 | Temple   | Entered the Ecumenical Temple
  9024 | D:7      | Killed Zaque's ghost
  9392 | D:7      | Found an ancient bone altar of Kikubaaqudgha.
  9404 | D:7      | Found a radiant altar of Vehumet.
  9410 | D:7      | Became a worshipper of Vehumet
  9419 | D:7      | Found a deep blue altar of Sif Muna.
  9459 | D:8      | Noticed Maurice
  9515 | D:8      | Killed Maurice
  9548 | D:8      | Noticed an elephant
  9556 | D:8      | Noticed a hornet
  9559 | D:8      | Noticed a two-headed ogre
  9569 | D:8      | Found a flagged portal.
  9575 | Bailey   | Entered a bailey
  9957 | Bailey   | Slain by a gnoll sergeant

Vault maps used:
D:1:      matt_arrival_diagonals, nemelex_xobeh_ov_fountains_minmay
D:2:      lemuel_coloured_pillars_altar, first_bread, grunt_decor_clamped,
          led_sif_pool
D:3:      lemuel_crystal_altar, grunt_temple_overflow_champion_of_chaos
D:4:      columned_hall_lemuel
D:5:      nicolae_overflow_crystal_walls, nicolae_overflow_hidden_temple,
          minmay_misc_feat_chi, uniq_crazy_yiuf_cottage, uniq_eustachio
D:7:      palyth_temple_overflow_mages, serial_shops, shop,
          nicolae_qazlal_style_of_elements
D:8:      david_lair_generic, enter_bailey_3, uniq_maurice
Temple:   minmay_temple_curvy_loop
Bailey:   bailey_polearm_gnolls_kennysheep, bailey

Skill      XL: |  1  2  3  4  5  6  7  8  9 |
---------------+----------------------------+-----
Earth Magic    | 4 5 6 7 |  7.5
Spellcasting   | 3 4 5 6 7 |  7.1
Fighting       | 1 2 3 |  3.4
Conjurations   | 2 3 4 |  4.9
Evocations     | 1 2 3 |  3.0
Armour         | 1 2 |  2.9
Maces & Flails | 1 2 3 |  3.1
Dodging        | 2 3 |  3.2
Stealth        | |  2.1
Transmutations | |  0.7

Action                   |  1- 3 |  4- 6 |  7- 9 || total
-------------------------+-------+-------+-------++-------
Melee: Mace              |    30 |    42 |   127 ||   199
Throw: Stone             |       |       |     1 ||     1
 Cast: Sandblast         |    82 |   100 |   138 ||   320
       Stone Arrow       |       |     6 |    49 ||    55
       Lee's Rapid Decon |       |       |    13 ||    13
 Abil: Evoke Invisibilit |       |       |     3 ||     3
       Turn Visible      |       |       |     2 ||     2
Evoke: Wand              |       |       |     3 ||     3
  Use: Potion            |       |     2 |     2 ||     4
       Scroll            |       |       |    16 ||    16
 Stab: Invisible         |       |       |     1 ||     1
       Sleeping          |       |       |     1 ||     1
  Eat: Chunk             |     4 |     6 |    24 ||    34
       Fruit             |       |     2 |       ||     2
Armor: Robe              |    36 |    47 |   147 ||   230
Dodge: Dodged            |    52 |    57 |   196 ||   305
Block: Other             |       |     9 |    43 ||    52
